SL
CHICAGO HAWKS @ GRAFTON MIDDIES
07/12/2021
 
TOP OF THE 1ST
Chicago Hawks batting - Pitching for Grafton Middies : LHP Curtis Fields
Pitching: LHP Curtis Fields
Batting: LHB Motoshige Kitamura 0-0: Ball
1-0: Called Strike
1-1: Ball
2-1: Fly out, F4 (Line Drive, 4MD)
Batting: RHB José Lozano 0-0: Ground out 6-3 (Groundball, 6)
Batting: RHB Ramón Gómez 0-0: Ball
1-0: Called Strike
1-1: Foul Ball, location: 2F
1-2: Strikes out swinging
Top of the 1st over - 0 run(s), 0 hit(s), 0 error(s), 0 left on base; Chicago 0 - Grafton 0
BOTTOM OF THE 1ST
Grafton Middies batting - Pitching for Chicago Hawks : RHP Pedro Ritodíaz
Pitching: RHP Pedro Ritodíaz
Batting: RHB José Peña 0-0: Swinging Strike
0-1: Ball
1-1: Ball
2-1: Called Strike
2-2: Strikes out swinging
Batting: RHB José Álvarez 0-0: Called Strike
0-1: Ball
1-1: Ball
2-1: SINGLE (Line Drive, 8LS)
Batting: RHB Raúl Robles 0-0: Called Strike
José Álvarez is caught stealing 2nd base
0-1: Ball
1-1: Ball
2-1: Called Strike
2-2: Ball
3-2: Base on Balls
Batting: RHB Nathan Boswell 0-0: Ball
1-0: Called Strike
1-1: Ball
2-1: Fielders Choice at 2nd, 6-4 (Groundball, 6)
Bottom of the 1st over - 0 run(s), 1 hit(s), 0 error(s), 0 left on base; Chicago 0 - Grafton 0
TOP OF THE 2ND
Chicago Hawks batting - Pitching for Grafton Middies : LHP Curtis Fields
Batting: RHB Ben Ross 0-0: Called Strike
0-1: Foul Ball, location: 2F
0-2: Strikes out swinging
Batting: LHB Bill Griffin 0-0: Swinging Strike
0-1: Foul Ball, location: 2F
0-2: Ball
1-2: Strikes out swinging
Batting: RHB Ed Whitaker 0-0: Ball
1-0: Foul Ball, location: 2F
1-1: Ground out 1-3 (Groundball, 13)
Top of the 2nd over - 0 run(s), 0 hit(s), 0 error(s), 0 left on base; Chicago 0 - Grafton 0
BOTTOM OF THE 2ND
Grafton Middies batting - Pitching for Chicago Hawks : RHP Pedro Ritodíaz
Batting: RHB Nam-sup Yi 0-0: Ball
1-0: Foul Ball, location: 2F
1-1: Swinging Strike
1-2: Strikes out looking
Batting: RHB Justin Bingham 0-0: Ball
1-0: Called Strike
1-1: Ground out 5-3 (Groundball, 56)
Batting: RHB Mark Davis 0-0: Called Strike
0-1: Ground out 5-3 (Groundball, 5)
Bottom of the 2nd over - 0 run(s), 0 hit(s), 0 error(s), 0 left on base; Chicago 0 - Grafton 0
TOP OF THE 3RD
Chicago Hawks batting - Pitching for Grafton Middies : LHP Curtis Fields
Batting: RHB Mitch Jensen 0-0: Ball
1-0: Fly out, F6 (Line Drive, 6)
Batting: LHB Bobby Moore 0-0: Swinging Strike
0-1: Ball
1-1: Ball
2-1: Ball
3-1: Foul Ball, location: 2F
3-2: Strikes out swinging
Batting: RHB Ted Young 0-0: Called Strike
0-1: Ball
1-1: Ball
2-1: Ball
3-1: Foul Ball, location: 2F
3-2: Foul Ball, location: 2F
3-2: Foul Ball, location: 2F
3-2: Strikes out swinging
Top of the 3rd over - 0 run(s), 0 hit(s), 0 error(s), 0 left on base; Chicago 0 - Grafton 0
BOTTOM OF THE 3RD
Grafton Middies batting - Pitching for Chicago Hawks : RHP Pedro Ritodíaz
Batting: LHB Guillermo Romero 0-0: Ball
1-0: Ball
2-0: Fly out, F7 (Flyball, 7LM)
Batting: RHB Brady Ferris 0-0: Called Strike
0-1: Ball
1-1: Ball
2-1: Ground out 1-3 (Groundball, 13S)
Batting: RHB José Peña 0-0: Ball
1-0: SINGLE (Line Drive, 78S)
Batting: RHB José Álvarez 0-0: Called Strike
0-1: Ground out 4-3 (Groundball, 4)
Bottom of the 3rd over - 0 run(s), 1 hit(s), 0 error(s), 1 left on base; Chicago 0 - Grafton 0
TOP OF THE 4TH
Chicago Hawks batting - Pitching for Grafton Middies : LHP Curtis Fields
Batting: LHB Motoshige Kitamura 0-0: Ball
1-0: Ball
2-0: Foul Ball, location: 2F
2-1: Ball
3-1: Base on Balls
Batting: RHB José Lozano 0-0: Foul Ball, location: 2F
0-1: Ball
1-1: SINGLE (Flyball, 8RS)
Motoshige Kitamura to second
Batting: RHB Ramón Gómez 0-0: Called Strike
0-1: Foul Ball, location: 2F
0-2: Foul Ball, location: 2F
0-2: Ball
1-2: Strikes out looking
Batting: RHB Ben Ross 0-0: Called Strike
0-1: Swinging Strike
0-2: Strikes out swinging
Batting: LHB Bill Griffin 0-0: Ground out 4-3 (Groundball, 4)
Top of the 4th over - 0 run(s), 1 hit(s), 0 error(s), 2 left on base; Chicago 0 - Grafton 0
BOTTOM OF THE 4TH
Grafton Middies batting - Pitching for Chicago Hawks : RHP Pedro Ritodíaz
Batting: RHB Raúl Robles 0-0: Fly out, F8 (Flyball, 8LXD)
Batting: RHB Nathan Boswell 0-0: Ball
1-0: Ball
2-0: Called Strike
2-1: Ball
3-1: Ground out 6-3 (Groundball, 56)
Batting: RHB Nam-sup Yi 0-0: Ball
1-0: Fly out, F9 (Flyball, 89M)
Bottom of the 4th over - 0 run(s), 0 hit(s), 0 error(s), 0 left on base; Chicago 0 - Grafton 0
TOP OF THE 5TH
Chicago Hawks batting - Pitching for Grafton Middies : LHP Curtis Fields
Batting: RHB Ed Whitaker 0-0: Ground out 6-3 (Groundball, 6M)
Batting: RHB Mitch Jensen 0-0: Ball
1-0: Ball
2-0: Called Strike
2-1: Called Strike
2-2: Foul Ball, location: 2F
2-2: Strikes out swinging
Batting: LHB Bobby Moore 0-0: Ball
1-0: Called Strike
1-1: Called Strike
1-2: Ball
2-2: Foul Ball, location: 2F
2-2: Foul Ball, location: 2F
2-2: Foul Ball, location: 2F
2-2: Strikes out swinging
Top of the 5th over - 0 run(s), 0 hit(s), 0 error(s), 0 left on base; Chicago 0 - Grafton 0
BOTTOM OF THE 5TH
Grafton Middies batting - Pitching for Chicago Hawks : RHP Pedro Ritodíaz
Batting: RHB Justin Bingham 0-0: Ball
1-0: Ball
2-0: Ball
3-0: Base on Balls
Batting: RHB Mark Davis 0-0: Ball
1-0: Ball
2-0: Bunted foul
2-1: Ball
3-1: Bunted foul
3-2: Strikes out looking
Batting: LHB Guillermo Romero 0-0: Foul Ball, location: 2F
0-1: Ball
1-1: 2-RUN HOME RUN (Line Drive, 9LD), Distance : 347 ft
Batting: RHB Brady Ferris 0-0: Ball
1-0: Ball
2-0: Called Strike
2-1: Ground out 6-3 (Groundball, 6M)
Batting: RHB José Peña 0-0: Ball
1-0: Ball
2-0: Ball
3-0: Called Strike
3-1: Ground out U3 (Groundball, 3)
Bottom of the 5th over - 2 run(s), 1 hit(s), 0 error(s), 0 left on base; Chicago 0 - Grafton 2
TOP OF THE 6TH
Chicago Hawks batting - Pitching for Grafton Middies : LHP Curtis Fields
Batting: RHB Ted Young 0-0: Ball
1-0: Ball
2-0: Foul Ball, location: 2F
2-1: Foul Ball, location: 2F
2-2: Fly out, F3 (Line Drive, 34)
Batting: LHB Motoshige Kitamura 0-0: Ball
1-0: Called Strike
1-1: Ground out 1-3 (Groundball, 13S)
Batting: RHB José Lozano 0-0: Ball
1-0: Called Strike
1-1: Foul Ball, location: 2F
1-2: Fly out, F9 (Flyball, 9LM)
Top of the 6th over - 0 run(s), 0 hit(s), 0 error(s), 0 left on base; Chicago 0 - Grafton 2
BOTTOM OF THE 6TH
Grafton Middies batting - Pitching for Chicago Hawks : RHP Pedro Ritodíaz
Batting: RHB José Álvarez 0-0: Ball
1-0: Ball
2-0: SINGLE (Line Drive, 34D)
Batting: RHB Raúl Robles 0-0: Ball
1-0: Foul Ball, location: 2F
1-1: Swinging Strike
1-2: Ball
2-2: Ball
3-2: Foul Ball, location: 2F
3-2: Base on Balls
José Álvarez to second
Batting: RHB Nathan Boswell 0-0: Ball
1-0: Fly out, F8 (Flyball, 8LM)
Runner from 2nd tags up, SAFE at 3rd with throw
Batting: RHB Nam-sup Yi 0-0: Ball
1-0: Foul Ball, location: 2F
1-1: Foul Ball, location: 2F
1-2: Fly out, F7 (Line Drive, 78D)
Runner from 3rd tags up, SCORES, no throw
Batting: RHB Justin Bingham 0-0: Ball
1-0: Ball
2-0: Foul Ball, location: 2F
2-1: Ground out 3-1 (Groundball, 34)
Bottom of the 6th over - 1 run(s), 1 hit(s), 0 error(s), 1 left on base; Chicago 0 - Grafton 3
TOP OF THE 7TH
Chicago Hawks batting - Pitching for Grafton Middies : LHP Curtis Fields
Batting: RHB Ramón Gómez 0-0: Called Strike
0-1: Swinging Strike
0-2: Ball
1-2: Strikes out looking
Pitching: RHP Bill Ball
Batting: RHB Ben Ross 0-0: Ball
1-0: Foul Ball, location: 2F
1-1: Foul Ball, location: 2F
1-2: SINGLE (Line Drive, 89S)
Batting: LHB Bill Griffin 0-0: 2-RUN HOME RUN (Flyball, 9LD), Distance : 358 ft
Batting: RHB Ed Whitaker 0-0: Ball
1-0: Called Strike
1-1: Foul Ball, location: 2F
1-2: Strikes out looking
Batting: RHB Mitch Jensen 0-0: Called Strike
0-1: Foul Ball, location: 2F
0-2: Strikes out looking
Top of the 7th over - 2 run(s), 2 hit(s), 0 error(s), 0 left on base; Chicago 2 - Grafton 3
BOTTOM OF THE 7TH
Grafton Middies batting - Pitching for Chicago Hawks : RHP Pedro Ritodíaz
Batting: RHB Mark Davis 0-0: Ball
1-0: Ground out 6-3 (Groundball, 6)
Batting: LHB Guillermo Romero 0-0: Called Strike
0-1: Called Strike
0-2: Ball
1-2: Ball
2-2: Foul Ball, location: 2F
2-2: Foul Ball, location: 2F
2-2: Foul Ball, location: 2F
2-2: Strikes out swinging
Batting: RHB Brady Ferris 0-0: Called Strike
0-1: Ground out 6-3 (Groundball, 6M)
Bottom of the 7th over - 0 run(s), 0 hit(s), 0 error(s), 0 left on base; Chicago 2 - Grafton 3
TOP OF THE 8TH
Chicago Hawks batting - Pitching for Grafton Middies : RHP Bill Ball
Pitching: RHP Paco Vélez
Now at 1B: Danny Hall
Batting: LHB Bobby Moore 0-0: Called Strike
0-1: Fly out, F8 (Flyball, 8LXD)
Pitching: RHP Frank Morse
Batting: RHB Ted Young 0-0: SINGLE (Line Drive, 89S)
Batting: LHB Motoshige Kitamura 0-0: Ball
1-0: Foul Ball, location: 2F
1-1: Ball
2-1: Grounds into double play, 4-6-3 (Groundball, 4)
Top of the 8th over - 0 run(s), 1 hit(s), 0 error(s), 0 left on base; Chicago 2 - Grafton 3
BOTTOM OF THE 8TH
Grafton Middies batting - Pitching for Chicago Hawks : RHP Pedro Ritodíaz
Batting: RHB José Peña 0-0: Fly out, F4 (Popup, 4)
Batting: RHB José Álvarez 0-0: Ball
1-0: Ball
2-0: Ball
3-0: Called Strike
3-1: Base on Balls
Pitching: RHP Jim Price
Batting: RHB Raúl Robles 0-0: Ball
1-0: Ball
2-0: Ball
3-0: Base on Balls
José Álvarez to second
Batting: RHB Nathan Boswell 0-0: Foul Ball, location: 2F
0-1: Ball
1-1: Foul Ball, location: 2F
1-2: Ball
2-2: Ball
3-2: Fly out, F8 (Flyball, 8LS)
Batting: RHB Nam-sup Yi 0-0: Ball
1-0: Ball
2-0: Foul Ball, location: 2F
2-1: SINGLE (Groundball, 34D)
José Álvarez to third
Raúl Robles to second
Runner from 3rd tries for Home, SAFE, no throw or cutoff
Batting: RHB Justin Bingham 0-0: Called Strike
0-1: Ball
1-1: Foul Ball, location: 2F
1-2: Ball
2-2: Strikes out looking
Bottom of the 8th over - 1 run(s), 1 hit(s), 0 error(s), 2 left on base; Chicago 2 - Grafton 4
TOP OF THE 9TH
Chicago Hawks batting - Pitching for Grafton Middies : RHP Frank Morse
Batting: RHB José Lozano 0-0: Ball
1-0: Ball
2-0: Ball
3-0: Foul Ball, location: 2F
3-1: Foul Ball, location: 2F
3-2: Strikes out swinging
Batting: RHB Ramón Gómez 0-0: Ball
1-0: Called Strike
1-1: Called Strike
1-2: Ball
2-2: Ball
3-2: Base on Balls
Batting: RHB Ben Ross 0-0: Ball
1-0: Ball
2-0: Ball
3-0: Called Strike
3-1: 2-RUN HOME RUN (Flyball, 89XD), Distance : 406 ft
Batting: LHB Bill Griffin 0-0: Foul Ball, location: 2F
0-1: Ground out 6-3 (Groundball, 6M)
Batting: RHB Ed Whitaker 0-0: Fly out, F7 (Line Drive, 7M)
Top of the 9th over - 2 run(s), 1 hit(s), 0 error(s), 0 left on base; Chicago 4 - Grafton 4
BOTTOM OF THE 9TH
Grafton Middies batting - Pitching for Chicago Hawks : RHP Jim Price
Batting: RHB Mark Davis 0-0: Ball
1-0: Foul Ball, location: 2F
1-1: Ground out 5-3 (Groundball, 56)
Batting: RHB Danny Hall 0-0: Ball
1-0: Ball
2-0: Ball
3-0: Called Strike
3-1: Base on Balls
Batting: RHB Brady Ferris 0-0: Called Strike
0-1: Fly out, F4 (Popup, 34D)
Batting: RHB José Peña 0-0: Ball
1-0: Ball
2-0: Ball
3-0: Base on Balls
Danny Hall to second
Batting: RHB José Álvarez 0-0: Ball
1-0: Ball
2-0: Ball
3-0: Called Strike
3-1: Called Strike
3-2: SINGLE (Groundball, 56D)
Danny Hall to third
José Peña to second
Danny Hall scores
This league is powered by Out of the Park Baseball, the baseball management simulation game for PC, Mac and Linux
Friday, January 22nd, 2016 - OOTP Baseball 16.9 Build 39